 Dungeon Crawl Stone Soup version 0.29-a0-925-g0a7a3d12f8 (webtiles) character file.

Game seed: 7963873525341862965

51658 Newt the Bludgeoner (level 15, -12/136 (141) HPs)
             Began as a Meteoran Fighter on July 29, 2022.
             Was the Champion of Cheibriados.
             Mangled by a spark wasp (22 damage)
             ... on level 2 of the Spider Nest.
             The game lasted 00:40:34 (9398 turns).

Newt the Bludgeoner (Meteoran Fighter)              Turns: 9398, Time: 00:40:34

HP:   -12/136 (141) AC: 26    Str: 39    XL:     15   Next: 42%
MP:   28/28         EV: 23    Int: 21    God:    Cheibriados [******]
Gold: 601           SH: 13    Dex: 34    Spells: 23/30 levels left

rFire   + . .      SeeInvis .   J - +7 flail (protect)
rCold   + . .      Faith    .   c - +0 buckler
rNeg    . . .      Spirit   .   S - +4 ring mail
rPois   +          Reflect  .   w - +2 helmet
rElec   .          Harm     .   P - +2 cloak
rCorr   .          Rampage  .   M - +0 pair of gloves
Will    +....                   (no boots)
Stlth   +.........              v - amulet of magic regeneration
HPRegen 0.32/turn               n - ring "Emerotti" {rF+ rC+ Int-4 Dex+3 Slay+2}
MPRegen 0.61/turn               K - ring of poison resistance

@: under a protective aura, glowing, lightly drained, very slow
A: sense surroundings 2, otherworldly, glowing, explore regen, large bone plates
1, robust 1
a: Renounce Religion, Bend Time, Temporal Distortion, Slouch, Step From Time


You were on level 2 of the Spider Nest.
You worshipped Cheibriados.
Cheibriados was exalted by your worship.
You visited 4 branches of the dungeon, and saw 17 of its levels.
You also visited: Ossuary and Bailey.

You collected 804 gold pieces.
You spent 203 gold pieces at shops.

Inventory:

Hand Weapons
 a - a +0 flail
 e - the +10 morningstar "Undertaker" {antimagic, rN+ Int+5}
   (You acquired it on level 5 of the Dungeon)

   It reduces the magical energy of the wielder, and disrupts the spells and
   magical abilities of those it strikes.
   Natural abilities and divine invocations are not affected.
   Int:       It affects your intelligence (+5).
   rN:        It protects you from negative energy.
 q - the +4 mace of Imif {holy, *Rage rC+++ Dex+5}
   (You found it on level 3 of the Dungeon)

   It has been blessed by the Shining One to cause great damage to the undead
   and demons.
   Dex:       It affects your dexterity (+5).
   rC:        It renders you almost immune to cold.
   *Rage:     It berserks you when you make melee attacks (+20% chance).
 J - a +7 flail of protection (weapon)
Missiles
 k - 14 poisoned darts (quivered)
 Z - 3 throwing nets
Armour
 c - a +0 buckler (worn)
 h - +0 acid dragon scales
 s - a scarf of harm
 w - a +2 helmet (worn)
 M - a +0 pair of gloves (worn)
 N - a +0 ring mail of fire resistance
 O - the -1 cloak of Lachrymose Birdsong {Int+7 Dex-3 SInv}
   (You found it in a bailey)

   Int:       It affects your intelligence (+7).
   Dex:       It affects your dexterity (-3).
   SInv:      It lets you see invisible.
 P - a +2 cloak (worn)
 S - a +4 ring mail (worn)
Magical Staves
 f - a staff of poison
 i - a staff of air
Jewellery
 n - the ring "Emerotti" (left hand) {rF+ rC+ Int-4 Dex+3 Slay+2}
   (You acquired it in a bailey)

   [ring of protection from fire]

   Int:       It affects your intelligence (-4).
   Dex:       It affects your dexterity (+3).
   Slay:      It affects your accuracy & damage with ranged weapons and melee
   (+2).
   rF:        It protects you from fire.
   rC:        It protects you from cold.
 p - a ring of ice
 v - an amulet of magic regeneration (around neck)
 K - a ring of poison resistance (right hand)
 U - a +6 ring of intelligence
Wands
 b - a wand of acid (3)
 g - a wand of digging (8)
 V - a wand of charming (6)
 Y - a wand of polymorph (3)
Scrolls
 l - 4 scrolls of immolation
 o - 2 scrolls of butterflies
 t - 2 scrolls of summoning
 y - 3 scrolls of poison
 G - a scroll of silence
 H - 2 scrolls of amnesia
 I - a scroll of fear
 R - a scroll of vulnerability
 T - a scroll of enchant armour
 W - 2 scrolls of teleportation
 X - 2 scrolls of magic mapping
Potions
 d - a potion of might
 j - 6 potions of curing
 m - a potion of flight
 r - 3 potions of lignification
 u - 8 potions of brilliance
 x - a potion of invisibility
 A - 2 potions of cancellation
 B - 2 potions of resistance
 C - 5 potions of attraction
 D - 4 potions of magic
 E - 6 potions of ambrosia
 F - 2 potions of mutation
 Q - 2 potions of haste


   Skills:
 * Level 11.0 Fighting
 + Level 1.1(1.6) Short Blades
 + Level 2.0(2.2) Long Blades
 - Level 16.1(16.2) Maces & Flails
 - Level 2.5(10.0) Staves
 + Level 1.1 Ranged Weapons
 + Level 1.3 Throwing
 + Level 8.3 Armour
 * Level 9.8 Dodging
 + Level 10.3 Shields
 + Level 1.2 Unarmed Combat
 * Level 8.3 Spellcasting
 + Level 1.2 Conjurations
 + Level 2.0 Hexes
 * Level 4.1 Summonings
 + Level 1.1 Necromancy
 + Level 1.2 Translocations
 + Level 1.6 Transmutations
 + Level 1.2 Fire Magic
 * Level 5.3 Ice Magic
 - Level 1.0 Air Magic
 * Level 3.8 Earth Magic
 - Level 0.5 Poison Magic
 * Level 7.4 Invocations
 * Level 7.2 Evocations


You had 23 spell levels left.
You knew the following spells:

 Your Spells              Type           Power      Damage    Failure   Level
a - Ozocubu's Armour      Ice            31%        N/A       3%          3
b - Animate Armour        Summ/Erth      50%        N/A       22%         4

Your spell library contained the following spells:

 Spells                   Type           Power      Damage    Failure   Level
 Frozen Ramparts          Ice            62%        1d8       3%          3
 Stone Arrow              Conj/Erth      38%        3d9       12%         3
 Summon Ice Beast         Ice/Summ       28%        N/A       16%         4
 Gell's Gravitas          Tloc           14%        N/A       21%         3
 Teleport Other           Tloc           14%        N/A       21%         3
 Ice Form                 Ice/Tmut       23%        N/A       26%         4
 Metabolic Englaciation   Hex/Ice        12%        N/A       56%         5
 Simulacrum               Ice/Necr       11%        N/A       99%         6
 Dispersal                Tloc           7%         N/A       100%        6
 Lehudib's Crystal Spear  Conj/Erth      9%         10d4      100%        8


Dungeon Overview and Level Annotations

Branches:
Dungeon (10/15) Zot: 108   Temple (1/1) D:6 Zot: 805    Lair (3/5) D:10 Zot: 378
 Spider (3/4) Lair:3 Zot: 920 Ossuary (visited)          Bailey (visited)
  Swamp: Lair:2-3    Shoals: Lair:2-3       Orc: D:9-12

Altars:
Ashenzari
Cheibriados
Dithmenos
Elyvilon
Fedhas
Gozag
Hepliaklqana
Okawaru
Ru
Trog
Vehumet
Xom
Yredelemnul
Zin
The Shining One

Shops:
D:3 ?   D:6 **


Innate Abilities, Weirdness & Mutations

You passively map the area around you.
You are easily found by Zot.
You glow in the dark.
You regain HP and MP as you explore.
You are partially covered in large bone plates. (SH +4)
You are robust. (+10% HP)


Message History

The jumping spider's many legs skitter faintly. x2
The tarantella's many legs skitter faintly.
The jumping spider leaps!
The jumping spider leaps!
A sun moth comes into view.
The jumping spider leaps!
The spark wasp bursts into living lightning!
The living lightning misses you.
The spark wasp blinks!
You block the spark wasp's attack.
The jumping spider leaps!
You block the spark wasp's attack. The spark wasp misses you.
The jumping spider leaps!
You block the spark wasp's attack.
The spark wasp stings you but does no damage.
A radroach comes into view.
There is a stone staircase leading up here.
The spark wasp barely misses you.
The jumping spider leaps!
The pharaoh ant completely misses you. You block the tarantella's attack.
The spark wasp bursts into living lightning!
The living lightning misses you.
The spark wasp blinks!
The pharaoh ant barely misses you.
You climb upwards.
There is a stone staircase leading down here.
You miss the spark wasp.
The spark wasp is almost dead.
The tarantella closely misses you. The spark wasp completely misses you.
The pharaoh ant closely misses you.
You hit the spark wasp.
Your weapon exudes an aura of protection.
The spark wasp is almost dead.
You block the tarantella's attack.
The spark wasp stings you but does no damage.
The pharaoh ant bites you!!
* * * LOW HITPOINT WARNING * * *
You feel drained.
* * * LOW HITPOINT WARNING * * *
The tarantella closely misses you.
You barely miss the spark wasp.
The spark wasp is almost dead.
The spark wasp stings you!!
You die...

##....## ####(...# #......#
##......## ###.....# ##.....###
#.......# #..#....## * #...#...#
### ##..##^...# *
##..#######.### #..#####..# *
######^.#...^####..# ####
##...#.y...###..# ,
######....#.B@s..#..## ...,,
##^.^##.......##..#..###* ..#
#.....^......##...#....## ..##
#......#########..##....###^.##
##..<.####.....#....##.#..##...#
#......#.##....##....###..##...#
#^.....#.....#####...#.##..#....
###^...#.........#........##....
##..#.##.........##......##.....


You could see a spark wasp, a pharaoh ant and a tarantella.

Vanquished Creatures
  3 entropy weavers (Spider:2)
  A catoblepas (Lair:2)
  A boulder beetle (Lair:3)
  2 hydras
  5 two-headed ogres
  An orc high priest (Bailey)
  4 steelbarb worms
  2 orb spiders
  5 wolf spiders
  4 black mambas
  6 elephants (Lair:2)
  A torpor snail (Lair:3)
  A gargoyle (D:8)
  The ghost of dang3rdave the Twirler, a novice GrTm of Hepliaklqana (D:5)
  3 cane toads (Lair:1)
  6 komodo dragons
  2 demonic crawlers
  4 kobold demonologists
  2 trolls
  4 tarantellas
  10 blink frogs
  6 jumping spiders
  2 wyverns
  3 culicivoras (Spider:2)
  2 basilisks (Lair:2)
  A wraith (D:10)
  17 yaks
  2 vampires
  2 vampire mosquitoes (D:7)
  16 redbacks
  A steam dragon (D:8)
  Menkaure (D:6)
  Edmund (D:6)
  2 acid dragons
  12 water moccasins
  10 orc warriors
  2 black bears
  A sky beast (D:6)
  8 wolves (Lair:1)
  An ogre (D:4)
  2 centaurs
  A phantom (D:6)
  10 bullfrogs
  2 necrophages (D:5)
  A gnoll sergeant (D:9)
  10 scorpions
  3 wights (D:9)
  19 killer bees
  3 howler monkeys
  2 electric eels
  A centaur zombie (Ossuary)
  A human zombie (Ossuary)
  A jelly (D:7)
  2 orc priests (D:8)
  2 gnoll boudas
  Jessica (D:2)
  3 iguanas
  4 orc wizards
  4 mummies (Ossuary)
  21 gnolls
  8 adders
  2 shadow imps
  2 white imps (D:6)
  2 ufetubi
  A worm (Lair:3)
  33 orcs
  5 ball pythons
  5 bats
  8 endoplasms
  7 giant cockroaches
  2 gnoll zombies (Ossuary)
  8 hobgoblins
  10 jackals
  11 kobolds
  A quokka (D:2)
  3 frilled lizards (D:2)
  14 goblins
  A hobgoblin zombie (Ossuary)
  A kobold zombie (Ossuary)
  2 orc zombies (Ossuary)
  2 rats
379 creatures vanquished.

Vanquished Creatures (others)
  46 fungi
  45 plants
91 creatures vanquished.

Grand Total: 470 creatures vanquished

Notes
Turn   | Place    | Note
-------+----------+-------------------------------------------
     0 | D:1      | Newt the Meteoran Fighter began the quest for the Orb.
     0 | D:1      | Reached XP level 1. HP: 19/19 MP: 2/2
   105 | D:1      | Reached XP level 2. HP: 17/26 MP: 3/3
   135 | D:1      | Reached skill level 3 in Maces & Flails
   178 | D:1      | Reached XP level 3. HP: 31/31 MP: 4/4
   184 | D:1      | Reached skill level 1 in Evocations
   488 | D:1      | Glimpsed the power of Zot.
   568 | D:2      | Reached skill level 1 in Staves
   590 | D:2      | Reached XP level 4. HP: 21/38 MP: 5/5
   709 | D:2      | Found a faded altar of an unknown god.
   762 | D:2      | Noticed Jessica
   895 | D:2      | Reached skill level 1 in Air Magic
  1024 | D:2      | Killed Jessica
  1025 | D:2      | Reached XP level 5. HP: 39/45 MP: 6/6
  1075 | D:2      | Glimpsed the power of Zot.
  1125 | D:2      | Glimpsed the power of Zot.
  1202 | D:3      | Found a blossoming altar of Fedhas.
  1205 | D:3      | Identified the +4 mace of Imif {holy, *Rage rC+++ Dex+5}
  1267 | D:3      | Found a basalt altar of Yredelemnul.
  1333 | D:3      | Found Beorgha's Magic Scroll Emporium.
  1343 | D:3      | Bought a scroll of identify for 22 gold pieces
  1343 | D:3      | Bought a scroll of identify for 22 gold pieces
  1343 | D:3      | Bought a scroll of identify for 22 gold pieces
  1343 | D:3      | Bought a scroll of identify for 22 gold pieces
  1358 | D:3      | Reached skill level 1 in Dodging
  1640 | D:4      | Noticed a black bear
  1649 | D:4      | Killed a black bear
  1650 | D:4      | Reached skill level 4 in Maces & Flails
  1650 | D:4      | Reached XP level 6. HP: 52/52 MP: 7/7
  1723 | D:4      | Noticed an ogre
  1729 | D:4      | Killed an ogre
  1730 | D:4      | Reached skill level 5 in Maces & Flails
  1743 | D:4      | Found a sand-covered staircase.
  1748 | Ossuary  | Entered an ossuary
  1766 | Ossuary  | Reached XP level 7. HP: 58/58 MP: 8/8
  1891 | Ossuary  | Reached skill level 6 in Maces & Flails
  1921 | Ossuary  | Gained mutation: You expend magic power (3 MP) to
                  | strengthen your wands. [potion of mutation]
  1921 | Ossuary  | Gained mutation: You sometimes lose your temper in combat.
                  | [potion of mutation]
  1922 | Ossuary  | Lost mutation: You sometimes lose your temper in combat.
                  | [potion of mutation]
  1922 | Ossuary  | Lost mutation: You expend magic power (3 MP) to strengthen
                  | your wands. [potion of mutation]
  1922 | Ossuary  | Gained mutation: Your flesh is cold resistant. (rC+)
                  | [potion of mutation]
  1923 | Ossuary  | Lost mutation: Your flesh is cold resistant. (rC+) [potion
                  | of mutation]
  1923 | Ossuary  | Gained mutation: You are partially covered in large bone
                  | plates. (SH +4) [potion of mutation]
  1923 | Ossuary  | Gained mutation: You are robust. (+10% HP) [potion of
                  | mutation]
  2214 | D:5      | Entered Level 5 of the Dungeon
  2274 | D:5      | Found a sacrificial altar of Ru.
  2386 | D:5      | Reached skill level 7 in Maces & Flails
  2435 | D:5      | Reached XP level 8. HP: 72/72 MP: 9/9
  2460 | D:5      | Reached skill level 5 in Armour
  2584 | D:5      | Identified a scroll of acquirement
  2584 | D:5      | Acquired the +10 morningstar "Undertaker" {antimagic, rN+
                  | Int+5}
  2606 | D:5      | Reached skill level 8 in Maces & Flails
  2851 | D:5      | Found a transporter.
  2853 | D:5      | Found a transporter.
  2853 | D:5      | Noticed dang3rdave's ghost (novice GrTm)
  2885 | D:5      | Reached skill level 9 in Maces & Flails
  2891 | D:5      | Killed dang3rdave's ghost
  2892 | D:5      | Reached skill level 10 in Maces & Flails
  2892 | D:5      | Reached skill level 5 in Shields
  2892 | D:5      | Gained mutation: You passively map the area around you.
                  | [Meteoran growth]
  2892 | D:5      | Reached XP level 9. HP: 51/79 MP: 3/10
  2994 | D:5      | Glimpsed the power of Zot.
  3012 | D:6      | Noticed Menkaure
  3018 | D:6      | Killed Menkaure
  3157 | D:6      | Noticed Edmund
  3163 | D:6      | Killed Edmund
  3164 | D:6      | Reached skill level 11 in Maces & Flails
  3173 | D:6      | Found a staircase to the Ecumenical Temple.
  3191 | D:6      | Reached skill level 5 in Fighting
  3201 | Temple   | Entered the Ecumenical Temple
  3244 | Temple   | Became a worshipper of Cheibriados the Contemplative
  3441 | D:6      | Found Egusishi's Assorted Antiques.
  3450 | D:6      | Bought a scroll labelled PEUVIPN FEOTER for 23 gold pieces
  3450 | D:6      | Bought a scroll of identify for 46 gold pieces
  3450 | D:6      | Bought a scroll of identify for 46 gold pieces
  3475 | D:6      | Found Zin's Purification Station.
  3484 | D:6      | Found a glowing silver altar of Zin.
  3667 | D:6      | Found a white marble altar of Elyvilon.
  3805 | D:7      | Reached skill level 12 in Maces & Flails
  3805 | D:7      | Reached XP level 10. HP: 88/89 MP: 3/11
  4009 | D:7      | Reached skill level 1 in Spellcasting
  4016 | D:7      | Reached * piety under Cheibriados
  4119 | D:7      | Found a flagged portal.
  4132 | Bailey   | Entered a bailey
  4191 | Bailey   | Reached skill level 13 in Maces & Flails
  4193 | Bailey   | Noticed a kobold demonologist
  4201 | Bailey   | Noticed a hellwing
  4202 | Bailey   | Killed a kobold demonologist
  4221 | Bailey   | Reached ** piety under Cheibriados
  4222 | Bailey   | Acquired the ring "Emerotti" {rF+ rC+ Int-4 Dex+3 Slay+2}
  4414 | Bailey   | Found an iron altar of Okawaru.
  4414 | Bailey   | Noticed an orc high priest
  4421 | Bailey   | Killed an orc high priest
  4434 | Bailey   | Identified the -1 cloak of Lachrymose Birdsong {Int+7 Dex-3
                  | SInv}
  4701 | D:8      | Noticed a two-headed ogre
  4710 | D:8      | Killed a two-headed ogre
  4711 | D:8      | Reached skill level 14 in Maces & Flails
  4711 | D:8      | Reached XP level 11. HP: 31/100 MP: 5/16
  5007 | D:8      | Reached skill level 5 in Dodging
  5118 | D:8      | Reached *** piety under Cheibriados
  5658 | D:9      | Noticed a two-headed ogre
  5667 | D:9      | Killed a two-headed ogre
  5668 | D:9      | Reached skill level 15 in Maces & Flails
  6118 | D:9      | Glimpsed the power of Zot.
  6136 | D:9      | Found a hide-covered altar of Uskayaw.
  6137 | D:9      | Noticed a two-headed ogre
  6146 | D:9      | Killed a two-headed ogre
  6146 | D:9      | Reached **** piety under Cheibriados
  6150 | D:9      | Found a radiant altar of Vehumet.
  6150 | D:9      | Found a shadowy altar of Dithmenos.
  6152 | D:9      | Found a basalt altar of Yredelemnul.
  6152 | D:9      | Found a radiant altar of Vehumet.
  6152 | D:9      | Found a shimmering altar of Xom.
  6152 | D:9      | Glimpsed the power of Zot.
  6175 | D:9      | Glimpsed the power of Zot.
  6178 | D:10     | Entered Level 10 of the Dungeon
  6226 | D:10     | Noticed a two-headed ogre
  6232 | D:10     | Killed a two-headed ogre
  6235 | D:10     | Reached XP level 12. HP: 85/111 MP: 6/20
  6257 | D:10     | Noticed a soul eater
  6259 | D:10     | Noticed a soul eater
  6269 | D:10     | Reached skill level 5 in Spellcasting
  6313 | D:10     | Noticed a two-headed ogre
  6319 | D:10     | Killed a two-headed ogre
  6320 | D:10     | Reached skill level 16 in Maces & Flails
  6373 | D:10     | Found an opulent altar of Gozag.
  6414 | D:10     | Found a hazy altar of Hepliaklqana.
  6416 | D:10     | Noticed a seven-headed hydra
  6421 | D:10     | Killed a seven-headed hydra
  6579 | D:10     | Found a staircase to the Lair.
  6654 | D:10     | Found an iron altar of Okawaru.
  6685 | Lair:1   | Entered Level 1 of the Lair of Beasts
  6801 | Lair:1   | Reached skill level 1 in Ice Magic
  6826 | Lair:1   | Noticed a five-headed hydra
  6834 | Lair:1   | Killed a five-headed hydra
  6929 | Lair:1   | Reached ***** piety under Cheibriados
  7042 | Lair:1   | Reached XP level 13. HP: 122/122 MP: 23/23
  7183 | Lair:1   | Glimpsed the power of Zot.
  7215 | Lair:2   | Reached skill level 5 in Invocations
  7234 | Lair:2   | Reached skill level 5 in Evocations
  7335 | Lair:2   | Noticed a catoblepas
  7345 | Lair:2   | Killed a catoblepas
  7346 | Lair:2   | Reached skill level 1 in Short Blades
  7346 | Lair:2   | Reached skill level 1 in Ranged Weapons
  7346 | Lair:2   | Reached skill level 1 in Throwing
  7346 | Lair:2   | Reached skill level 1 in Unarmed Combat
  7346 | Lair:2   | Reached skill level 1 in Conjurations
  7346 | Lair:2   | Reached skill level 1 in Summonings
  7346 | Lair:2   | Reached skill level 1 in Necromancy
  7346 | Lair:2   | Reached skill level 1 in Translocations
  7346 | Lair:2   | Reached skill level 1 in Transmutations
  7346 | Lair:2   | Reached skill level 1 in Fire Magic
  7346 | Lair:2   | Reached skill level 1 in Earth Magic
  7346 | Lair:2   | Reached XP level 14. HP: 107/130 MP: 23/26
  7352 | Lair:2   | Learned a level 3 spell: Ozocubu's Armour
  7427 | Lair:2   | Reached skill level 10 in Fighting
  7742 | Lair:2   | Glimpsed the power of Zot.
  7768 | Lair:2   | Glimpsed the power of Zot.
  8080 | Lair:3   | Found a hole to the Spider Nest.
  8094 | Lair:3   | Reached ****** piety under Cheibriados
  8128 | Spider:1 | Entered Level 1 of the Spider Nest
  8167 | Spider:1 | Learned a level 4 spell: Animate Armour
  8344 | Spider:1 | Reached XP level 15. HP: 109/140 MP: 26/28
  8526 | Spider:2 | Reached skill level 10 in Shields
  8794 | Spider:2 | Reached skill level 5 in Ice Magic
  9333 | Spider:2 | Glimpsed the power of Zot.
  9387 | Spider:3 | HP: 3/141 [spark wasp (15)]
  9398 | Spider:2 | Mangled by a spark wasp

Illustrated notes

Levels and vault maps discovered:
D:1:      matt_arrival_los_fun, layout_basic
D:2:      layout_basic, hellmonk_ecumenical_altar_run_dry, nrook_uturn,
          uniq_jessica
D:3:      layout_basic, mainiacjoe_overflow_cross_hatched,
          nicolae_overflow_crystal_walls, serial_shops, nicolae_diamond_shop,
          minmay_surrounded
D:4:      layout_basic, lightli_temple_of_fire, nicolae_ossuary_entry_plus
D:5:      layout_basic, nicolae_ru_awakened_eye, serial_curves, eino_curves_01,
          eino_curves_02, gammafunk_ghost_hive
D:6:      layout_rooms, zin_purify, nicolae_overflow_hidden_temple,
          minmay_temple_entry_wispy, serial_shops,
          nicolae_shop_competitors_out_of_business, bh_walls_and_bars,
          uniq_menkaure, uniq_edmund
D:7:      layout_rooms, lightli_bailey_entry_fortress
D:8:      layout_basic, nzn_life_drinkers
D:9:      layout_layer_cave, doesnt_xom_only_xom
D:10:     layout_loops_cross, mainiacjoe_overflow_paths,
          mainiacjoe_overflow_boulevard, grunt_gozag_statues,
          due_lair_maze_entry_diamond, hangedman_decor_clover_reticule
Temple:   nicolae_temple_slightly_damp_pantheon
Lair:1:   layout_chaotic_city
Lair:2:   layout_roguey
Lair:3:   layout_gridlike, minmay_swamp_entry_worms,
          nicolae_spider_entry_non_spiders, kennysheep_catoblepas_arena
Spider:1: layout_spider_delve, hangedman_spider_tarantella_strand
Spider:2: layout_spider_delve
Spider:3: layout_chambers, special_room

Skill      XL: |  1  2  3  4  5  6  7  8  9 10 11 12 13 14 15 |
---------------+----------------------------------------------+-----
Armour         | 4 5 6 7 8 |  8.3
Maces & Flails | 3 4 5 7 10 12 14 15 16 | 16.1
Evocations     | 1 2 4 5 6 7 |  7.2
Staves         | 1 2 |  2.5
Air Magic      | 1 |  1.0
Dodging        | 1 2 4 5 7 8 9 |  9.8
Shields        | 4 5 6 7 8 9 10 | 10.3
Fighting       | 4 5 6 8 9 10 11 | 11.0
Spellcasting   | 3 4 6 7 8 |  8.3
Invocations    | 2 4 6 7 |  7.4
Ice Magic      | 2 4 5 |  5.3
Short Blades   | 1 |  1.1
Long Blades    | 2 |  2.0
Ranged Weapons | 1 |  1.1
Throwing       | 1 |  1.3
Unarmed Combat | 1 |  1.2
Conjurations   | 1 |  1.2
Hexes          | 2 |  2.0
Summonings     | 1 3 4 |  4.1
Necromancy     | 1 |  1.1
Translocations | 1 |  1.2
Transmutations | 1 |  1.6
Fire Magic     | 1 |  1.2
Earth Magic    | 1 3 |  3.8
Poison Magic   | |  0.5

Action                   |  1- 3 |  4- 6 |  7- 9 | 10-12 | 13-15 || total
-------------------------+-------+-------+-------+-------+-------++-------
Melee: Flail             |    33 |       |       |    45 |   449 ||   527
       Staff             |    69 |    90 |       |       |       ||   159
       Mace              |       |    43 |    63 |       |       ||   106
       Morningstar       |       |       |   100 |   364 |       ||   464
Throw: Dart              |       |       |       |     5 |       ||     5
 Cast: Ozocubu's Armour  |       |       |       |       |     3 ||     3
  Use: Scroll            |     1 |     4 |    12 |    15 |     1 ||    33
       Potion            |       |       |     4 |     1 |     9 ||    14
Armor: Scale mail        |    63 |    94 |    15 |       |       ||   172
       Plate armour      |       |       |    46 |    39 |       ||    85
       Ring mail         |       |       |       |   106 |   173 ||   279
Dodge: Dodged            |    45 |    73 |    37 |   172 |   349 ||   676
Block: Buckler           |    38 |    40 |    76 |   236 |   337 ||   727

Table legend: (Time is in decaauts)
 A = Elapsed time spent in this place.
 B = Non-inter-level travel time spent in this place.
 C = Inter-level travel time spent in this place.
 D = Time resting spent in this place.
 E = Time spent auto-exploring this place.
 F = Levels seen in this place.
 G = Mean time per level.
                   A        B        C        D        E       F      G
               +--------+--------+--------+--------+--------+-----+--------+
         Total |  12250 |  11611 |    639 |    797 |   6655 |  19 |  644.7 |
       Dungeon |   7339 |   6962 |    377 |    303 |   4512 |  10 |  733.9 |
        Temple |     72 |     72 |      0 |      0 |      0 |   1 |   72.0 |
          Lair |   2321 |   2252 |     69 |      0 |   1522 |   3 |  773.7 |
   Spider Nest |   1777 |   1585 |    192 |    394 |    526 |   3 |  592.3 |
       Ossuary |    230 |    230 |      0 |      0 |     19 |   1 |  230.0 |
        Bailey |    508 |    508 |      0 |    100 |     75 |   1 |  508.0 |
               +--------+--------+--------+--------+--------+-----+--------+

Top non-repeatable levels by time:
Spider:2: 1228 daAuts
     D:9: 1126 daAuts
  Lair:2: 919 daAuts
     D:7: 902 daAuts
     D:8: 835 daAuts
  Lair:1: 832 daAuts
     D:5: 819 daAuts
    D:10: 796 daAuts
     D:6: 760 daAuts
     D:2: 655 daAuts
  Lair:3: 569 daAuts
     D:1: 515 daAuts
  Bailey: 508 daAuts
     D:4: 498 daAuts
Spider:1: 482 daAuts
